[Event "*** Titled Tuesday Blitz"]
[Site "Chess.com"]
[Date "2020.05.26"]
[Round "8"]
[White "Gerodot71"]
[Black "levallem"]
[Result "1-0"]
[WhiteElo "2368"]
[BlackElo "2163"]
[TimeControl "180+1"]
[EndTime "11:41:32 PDT"]
[Termination "Gerodot71 won on time"]

1. d4 Nf6 2. c4 e6 3. Nf3 d5 4. g3 c6 5. Nbd2 Nbd7 6. Bg2 Be7 7. O-O O-O 8. Qc2 b6 9. e4 dxe4 10. Nxe4 Bb7 11. Bf4 c5 12. Nxf6+ Nxf6 13. Rad1 cxd4 14.
Nxd4 Bxg2 15. Kxg2 Qc8 16. Qe2 Qb7+ 17. Qf3 Qxf3+ 18.
Kxf3 Rac8 19. b3 Rfd8 20. Nb5 a6 21. Na7 Rxd1 22. Rxd1 Re8 23. Nc6 Bc5 24. b4 Bf8 25.
Be5 Rc8 26. b5 axb5 27. cxb5 Ra8 28. Rd8 Rxd8 29. Nxd8 Nd5 30. Ke4 Bc5 31. f3 Kf8 32. Nb7 Bg1 33. h3 f6 34. Bb2 Ke7 35. a4 Kd7 36. a5 bxa5 37. Nxa5 Kc7 38. Nc4 Bc5 39. h4 Nb6 40. Nxb6 Kxb6 41. h5 h6 42. f4 Kxb5 43. g4 Kc6 44. g5 hxg5 45. fxg5 Be7 46. h6 gxh6 47. gxh6 1-0

[Event "*** Titled Tuesday Blitz"]
[Site "Chess.com"]
[Date "2020.05.26"]
[Round "8"]
[White "Paladin61"]
[Black "Danfii"]
[Result "1-0"]
[WhiteElo "2629"]
[BlackElo "2422"]
[TimeControl "180+1"]
[EndTime "11:41:34 PDT"]
[Termination "Paladin61 won by resignation"]

1. d4 Nf6 2. c4 e6 3. g3 c5 4. d5 exd5 5. cxd5 d6 6. Nc3 g6 7.
Bg2 Bg7 8. Nf3 O-O 9. O-O Re8 10. Bf4 h6 11. Qc1 g5 12. Be3 Nbd7 13. h4 g4 14. Ne1 Kh7 15. Qc2+ Kg8 16. Qc1 Kh7 17. b4 b6 18. Nd3 Ne5 19. Nxe5 Rxe5 20. bxc5 bxc5 21.
Bf4 Re8 22. Nb5 Bf8 23. Qc2+ Kg8 24. Rab1 Ba6 25. Rfe1 Rb8 26. a4 Qa5 27. Bd2 Qd8 28. e4 Qd7 29. Qc1 Kh7 30. Qc2 Kg8 31. Na3 c4 32. Bc3 Bg7 33. Bf1 Rxb1 34. Nxb1 Qc7 35. Nd2 Rc8 36. Rb1 Nd7 37. Bxg7 Kxg7 38. Qc3+ Ne5 39.
Be2 h5 40. Nf1 Qc5 41. Ne3 Kg8 42. Nf5 Rd8 43. Qc1 Nd3 44. Bxd3 cxd3 45. Qg5+ 1-0

[Event "*** Titled Tuesday Blitz"]
[Site "Chess.com"]
[Date "2020.05.26"]
[Round "8"]
[White "VishnuPrasanna"]
[Black "maciek_92"]
[Result "0-1"]
[WhiteElo "2650"]
[BlackElo "2809"]
[TimeControl "180+1"]
[EndTime "11:41:36 PDT"]
[Termination "maciek_92 won by resignation"]

1. e4 c5 2. Nf3 e6 3. c4 Nc6 4. Be2 Nf6 5. Nc3 Be7 6. O-O O-O 7. d4 cxd4 8. Nxd4 d6 9. Be3 a6 10. Nc2 b6 11. f4 Bb7 12. Bf3 Qc7 13. Rc1 Rac8 14.
Kh1 Nd7 15. Qe2 g6 16. Nd4 Nxd4 17. Bxd4 Qxc4 18. Qd2 e5 19. Be3 exf4 20. Bxf4 Qe6 21. Nd5 Bxd5 22. exd5 Qf6 23. Bg4 Rxc1 24. Qxc1 Rd8 25.
Bh6 Qh4 26. h3 Ne5 27. Be2 g5 28. Qc7 Re8 29. Bxa6 Qxh6 30. Bb5 Bd8 31. Qc8 Rf8 32. a4 g4 33. b4 gxh3 34. gxh3 Kh8 35. Rg1 Qe3 36. Qf5 Qf3+ 37. Qxf3 Nxf3 38. Rc1 Ne5 39. Rc8 Kg7 40. Be2 f5 41. Kg2 f4 42.
Bf3 Kf6 43. Rb8 Ke7 44. a5 bxa5 45. bxa5 Bxa5 46. Rb7+ Kf6 47. Rxh7 Nxf3 48. Kxf3 Ke5 49. Rh5+ Kd4 50. h4 Bd2 51. Rg5 Rb8 52. h5 Rb3+ 53.
Kg4 Rg3+ 54. Kh4 Rxg5 55. Kxg5 f3+ 56. Kg6 f2 0-1

[Event "*** Titled Tuesday Blitz"]
[Site "Chess.com"]
[Date "2020.05.26"]
[Round "8"]
[White "Zarikovs1999"]
[Black "2008king"]
[Result "1-0"]
[WhiteElo "2354"]
[BlackElo "2124"]
[TimeControl "180+1"]
[EndTime "11:41:36 PDT"]
[Termination "Zarikovs1999 won by checkmate"]

1. e4 e5 2. Nf3 Nc6 3. Bb5 a6 4. Ba4 Nf6 5. O-O b5 6. Bb3 Bb7 7. d3 Be7 8. Re1 d6 9. a3 O-O 10. Nc3 Na5 11. Ba2 c5 12. Nd5 Bxd5 13. exd5 c4 14. b4 cxb3 15. cxb3 Nb7 16. d4 Nxd5 17. dxe5 dxe5 18. Nxe5 Bf6 19. Bb2 Rc8 20. b4 Nf4 21.
Qf3 Bxe5 22. Bxe5 Nd3 23. Qxb7 Nxe1 24. Rxe1 Qd2 25. Bxf7+ Kh8 26. Rf1 Qg5 27. f4 Qh6 28. Be6 Rce8 29. Bd6 Qxe6 30. Bxf8 Rxf8 31. Qf3 Qc4 32. f5 Qd4+ 33. Kh1 Re8 34. h3 h6 35.
f6 Rg8 36. fxg7+ Qxg7 37. Qf6 Ra8 38. Qxg7+ Kxg7 39. Rc1 Rd8 40. Rc6 Ra8 41. Kh2 a5 42. Rb6 axb4 43. axb4 Ra2 44. Rxb5 Kf6 45. Rb6+ Kg7 46.
b5 Rb2 47. h4 Rb1 48. Kh3 Rb3+ 49. g3 Rb4 50. Rb7+ Kg6 51. Rb8 Kg7 52. Kg2 Rb3 53. b6 Rb4 54. Kf3 Rb3+ 55. Kf4 Rb4+ 56. Ke5 Rb5+ 57. Kd6 Rb3 58. b7 Rd3+ 59. Kc5 Rc3+ 60.
Kb4 Rc1 61. Rg8+ Kxg8 62. b8=Q+ Kg7 63. Qe5+ Kg6 64. Qe4+ Kh5 65. Qf5# 1-0

[Event "*** Titled Tuesday Blitz"]
[Site "Chess.com"]
[Date "2020.05.26"]
[Round "8"]
[White "VerdeNotte"]
[Black "Munkhzul_Turmunkh"]
[Result "1-0"]
[WhiteElo "2779"]
[BlackElo "2582"]
[TimeControl "180+1"]
[EndTime "11:41:37 PDT"]
[Termination "VerdeNotte won on time"]

1. e4 c5 2. Nc3 Nc6 3. Bb5 Nd4 4. Nf3 Nxb5 5. Nxb5 d6 6. d4 cxd4 7. Qxd4 a6 8. Nc3 e5 9. Qb4 Ne7 10. Be3 Nc6 11.
Qb6 Qxb6 12. Bxb6 Be6 13. O-O-O Be7 14. Rd2 Rc8 15. a3 O-O 16. Nd5 Bxd5 17. Rxd5 Nb8 18. Be3 Nd7 19. Nd2 Rc7 20. Kb1 Rfc8 21. c3 g6 22. Rd1 f5 23. f3 f4 24. Bf2 b5 25.
a4 Rb7 26. axb5 axb5 27. Kc2 Ra8 28. Nb3 Nf6 29. R5d2 b4 30. c4 Rc7 31. Kd3 Kf7 32.
Bh4 Nd7 33. Bf2 Ke6 34. Rc2 Rac8 35. Ra1 g5 36. Ra6 Kf7 37. Na5 h5 38. b3 g4 39.
Ke2 Rg8 40. Rd2 g3 41. hxg3 fxg3 42. Be3 h4 43. Kf1 h3 44. gxh3 Nc5 45. Bxc5 Rxc5 46.
Kg2 Rc7 47. Rc6 Rg7 48. Rxc7 1-0

[Event "*** Titled Tuesday Blitz"]
[Site "Chess.com"]
[Date "2020.05.26"]
[Round "8"]
[White "1f3_2g41-0"]
[Black "sergeikim"]
[Result "1-0"]
[WhiteElo "2280"]
[BlackElo "2396"]
[TimeControl "180+1"]
[EndTime "11:41:38 PDT"]
[Termination "1f3_2g41-0 won on time"]

1. e4 e5 2. Nf3 Nc6 3. Bb5 a6 4. Ba4 Nf6 5. O-O b5 6. Bb3 Bc5 7. c3 d6 8. d4 Bb6 9. Re1 O-O 10.
h3 h6 11. a4 Bb7 12. d5 Ne7 13. Be3 Ng6 14. Bxb6 cxb6 15. axb5 axb5 16. Rxa8 Qxa8 17. Na3 Qa5 18. g3 Bc8 19. Kg2 Bd7 20. Nc2 Qa8 21. Nb4 Qc8 22. Rh1 Nxe4 23. Qd3 Nc5 24. Qc2 f5 25. h4 Kh7 26. Ba2 e4 27. Nd4 f4 28.
h5 Ne5 29. gxf4 Rxf4 30. Qd2 Qf8 31. Bb1 Ned3 32. Nxd3 exd3 33. Bxd3+ Kh8 34. Bg6 Ne4 35. Bxe4 Rxe4 36. Re1 Rg4+ 37. Kf1 Rf4 38. Re3 Qf7 39. Ne6 Rf5 40. Qd4 Rxh5 41. Qxb6 Rf5 42. Qd8+ Kh7 43.
Re2 h5 44. Ng5+ Rxg5 45. Qxg5 Bg4 46. Re7 Qf8 47. Ke1 Bf3 48. Kd2 Bg4 49. Ke3 1-0

[Event "*** Titled Tuesday Blitz"]
[Site "Chess.com"]
[Date "2020.05.26"]
[Round "8"]
[White "chess94cu"]
[Black "annamaja"]
[Result "1-0"]
[WhiteElo "2455"]
[BlackElo "2247"]
[TimeControl "180+1"]
[EndTime "11:41:39 PDT"]
[Termination "chess94cu won by resignation"]

1. d4 Nf6 2. c4 e6 3. Nf3 d5 4.
Nc3 a6 5. cxd5 exd5 6. Bg5 Be7 7. e3 h6 8. Bh4 Be6 9. Bd3 O-O 10. O-O Nbd7 11. Rc1 Re8 12. h3 c6 13. a3 Qb6 14.
Qc2 Rac8 15. Na4 Qa7 16. b4 a5 17. Nc5 Nf8 18. Ne5 axb4 19. axb4 b6 20. Nxe6 Nxe6 21. Ra1 Qc7 22. Bg3 Bxb4 23. Ba6 Ra8 24. Qxc6 Bd6 25. Bb5 Rxa1 26. Rxa1 Rc8 27. Qxc7 Nxc7 28. Bd3 g6 29. Nxg6 Bxg3 30. Ne7+ Kf8 31. Nxc8 Bh4 32. Nxb6 Nfe8 33.
Nd7+ Ke7 34. Ne5 Bf6 35. f4 Kd6 36. Rc1 Ke7 37. Rc6 Ne6 38. g4 Nd6 39. Kf2 Bh4+ 40. Kf3 Nd8 41. Ra6 Ne6 42. Ra7+ Kf6 43. Ra6 Ke7 44. Bf5 Nxf5 45. gxf5 Nd8 46. Rxh6 Bf6 47. Ng4 Bg7 48. Ra6 f6 49. h4 Nf7 50. h5 Nd6 51.
h6 Bh8 52. Ra7+ Kf8 53. Ra8+ Ke7 54. Rxh8 1-0

[Event "*** Titled Tuesday Blitz"]
[Site "Chess.com"]
[Date "2020.05.26"]
[Round "8"]
[White "Larina_Marija"]
[Black "Justinz"]
[Result "0-1"]
[WhiteElo "2154"]
[BlackElo "2355"]
[TimeControl "180+1"]
[EndTime "11:41:39 PDT"]
[Termination "Justinz won on time"]

1. e4 c5 2. Nc3 d6 3. d4 cxd4 4. Qxd4 a6 5. b3 Nc6 6. Qd2 Nf6 7. Bb2 e6 8. O-O-O Be7 9. f3 O-O 10. g4 b5 11. Kb1 Bb7 12. h4 b4 13. Na4 d5 14. g5 Nh5 15. exd5 exd5 16. Bd3 Re8 17. Ne2 Bf8 18. Nd4 Ne5 19. Bf5 Bc8 20. Bxc8 Rxc8 21.
f4 Ng4 22. Nf5 g6 23. Qd4 f6 24.
Nh6+ Nxh6 25. gxh6 Bxh6 26. f5 Re4 27. Qxd5+ Qxd5 28. Rxd5 Ng3 29. Rg1 Bf4 30. fxg6 hxg6 31. Bxf6 Kf7 32.
Bg5 Bb8 33. Rd7+ Ke6 34. Re7+ Kf5 35. Rf7+ Kg4 36. Nb6 Rce8 37. Nd7 Re1+ 38. Rxe1 Rxe1+ 39. Kb2 Bd6 40. Rf6 Rd1 41. Rxg6 Kf5 42. Rf6+ Kg4 43. a4 Ne4 44. Rg6 Kf5 45. Rg8 Nc3 46. Bc1 Be7 47.
Nb6 Bf6 48. Rf8 Nxa4+ 49. Ka2 Nxb6 50. Bb2 Nd7 51. Rf7 Ke6 52. Rh7 Bxb2 53. Kxb2 Rh1 0-1

[Event "*** Titled Tuesday Blitz"]
[Site "Chess.com"]
[Date "2020.05.26"]
[Round "8"]
[White "Klaus1995"]
[Black "TheBigBadChessDad"]
[Result "0-1"]
[WhiteElo "1828"]
[BlackElo "2236"]
[TimeControl "180+1"]
[EndTime "11:41:39 PDT"]
[Termination "TheBigBadChessDad won by resignation"]

1. e4 e5 2. Nf3 Nf6 3. Nxe5 d6 4. Nf3 Nxe4 5. d3 Nf6 6. d4 d5 7. h3 Bd6 8. Bd3 O-O 9. O-O h6 10. c3 c6 11. Re1 Re8 12. Nbd2 Rxe1+ 13. Qxe1 Nbd7 14.
Nf1 Nf8 15. Ne3 g6 16. Ne5 Kg7 17. Qd2 Ng8 18. N3g4 h5 19. Nh2 Qc7 20. Nhf3 f6 21. Nxg6 Nxg6 22. Bxg6 Kxg6 23. Nh4+ Kg7 24. Qe2 Qf7 25. Qf3 Bd7 26. Bf4 Bxf4 27. Qxf4 Re8 28. Nf3 Nh6 29. Qc7 Bc8 30. Qb8 a6 31. Qf4 Qg6 32.
Nh4 Qg5 33. Qc7+ Nf7 34. Nf3 Qf5 35. Rd1 Re2 36. Kf1 Re4 37. Nh4 Rxh4 38. f3 Rf4 39. Kg1 h4 40. Re1 Be6 41. Rxe6 Qxe6 42. Qxf4 Qe1+ 43.
Kh2 Qg3+ 44. Qxg3+ hxg3+ 45. Kxg3 Nd6 46. Kf4 Kg6 47. b3 Nb5 48. c4 dxc4 49. bxc4 Nxd4 50. Ke4 Nc2 51. Kd3 Ne1+ 52. Ke2 Nxg2 53. Kf2 Nf4 54. Ke3 Nxh3 55. a4 Kf5 56. a5 Nf4 57. Kd4 Ne6+ 58. Kc3 Kf4 59. c5 Kxf3 60. Kc4 Ke4 61. Kc3 Kd5 62.
Kb4 Kd4 63. Kb3 Kxc5 64. Kc3 f5 0-1

[Event "*** Titled Tuesday Blitz"]
[Site "Chess.com"]
[Date "2020.05.26"]
[Round "8"]
[White "BillieKimbah"]
[Black "Aygehovit1992"]
[Result "1-0"]
[WhiteElo "2869"]
[BlackElo "2711"]
[TimeControl "180+1"]
[EndTime "11:41:40 PDT"]
[Termination "BillieKimbah won by resignation"]

1. c3 g6 2. d4 d5 3. Bf4 Bg7 4. e3 Nf6 5. h3 O-O 6. Nd2 b6 7. Ngf3 Bb7 8. Be2 Nbd7 9. O-O e6 10. a4 a5 11. Qc2 Rc8 12. Ne5 Nxe5 13. Bxe5 Bh6 14.
Rad1 Nd7 15. Bh2 f5 16. Bb5 Bg7 17. Nf3 c6 18. Be2 Qe7 19. Qb3 c5 20. Bb5 c4 21.
Qc2 Bc6 22. b3 Bxb5 23. axb5 Qa3 24. Rb1 cxb3 25. Rxb3 Qe7 26. Rc1 g5 27. Rbb1 g4 28.
hxg4 fxg4 29. Nd2 Nf6 30. Qd3 Qf7 31. Bd6 Rfd8 32. Be5 Qg6 33. Qe2 Ne4 34. Nxe4 Bxe5 35. Nd2 Bg7 36. c4 dxc4 37. Nxc4 Rb8 38. g3 Qe4 39. Nd2 Qf5 40. Rc6 Rf8 41. Rbc1 a4 42. Ra1 Ra8 43. Rxb6 a3 44. Ra6 Rxa6 45. bxa6 Qa5 46.
Nc4 Qxa6 47. Rxa3 Qb5 48. Ra5 Qb1+ 49. Kh2 Qe4 50. Nd2 Qg6 51. Kg2 Rc8 52. Rc5 Qh5 53. Rxh5 1-0

[Event "*** Titled Tuesday Blitz"]
[Site "Chess.com"]
[Date "2020.05.26"]
[Round "8"]
[White "OparinGrigoriy"]
[Black "okriak"]
[Result "1-0"]
[WhiteElo "2900"]
[BlackElo "2723"]
[TimeControl "180+1"]
[EndTime "11:41:40 PDT"]
[Termination "OparinGrigoriy won by resignation"]

1. d4 d5 2. c4 e6 3. Nf3 c6 4.
Nbd2 Nf6 5. g3 b6 6. Bg2 Bb7 7.
O-O Nbd7 8. b3 Bd6 9. Bb2 O-O 10. Qc2 Qe7 11. e4 dxe4 12. Ng5 c5 13. Ndxe4 Nxe4 14. Nxe4 Rab8 15. Rfe1 cxd4 16. Bxd4 Be5 17. Rad1 Rfd8 18. h4 Bxd4 19. Rxd4 Bxe4 20. Rdxe4 Nf6 21. Re5 Qb4 22. R1e2 Rbc8 23. Bf3 Rc5 24. R5e3 Rc7 25. Rd3 Rcd7 26. Rxd7 Rxd7 27. Kg2 h5 28. Qb2 a5 29. a3 Qd6 30. b4 axb4 31. axb4 Qc7 32. Rc2 Rd3 33. c5 bxc5 34. Rxc5 Qd7 35. b5 Rd2 36. Rc8+ Kh7 37. Rc2 Rd3 38. b6 Rxf3 39. Kxf3 Qb7+ 40.
Ke2 Qe4+ 41. Kd2 Qd5+ 42. Kc3 Qa5+ 43. Kd3 Qf5+ 44. Kc4 Qd5+ 45. Kb4 Qb7 46. Qd4 Nd5+ 47. Kb5 Qd7+ 48. Rc6 Nc7+ 49. bxc7 Qxd4 50. c8=Q Qd3+ 51. Rc4 Qb3+ 52. Kc5 Qa3+ 53. Kd4 Qb2+ 54. Ke3 Qe5+ 55. Re4 Qa1 56. Qc2 Qh1 57. Rxe6+ g6 58. Rc6 Qe1+ 59. Qe2 Qh1 60. Rc4 Qd5 61. Qd3 Qe5+ 62. Kf3 1-0

[Event "*** Titled Tuesday Blitz"]
[Site "Chess.com"]
[Date "2020.05.26"]
[Round "8"]
[White "S_Kalvaitis"]
[Black "MikeSailer"]
[Result "1-0"]
[WhiteElo "2320"]
[BlackElo "2090"]
[TimeControl "180+1"]
[EndTime "11:41:40 PDT"]
[Termination "S_Kalvaitis won on time"]

1. e4 d5 2. exd5 Qxd5 3. Nc3 Qd6 4. d4 Nf6 5. Nf3 c6 6. g3 Bf5 7.
Bf4 Qd8 8. Bg2 e6 9. O-O Be7 10.
Nh4 Bg4 11. Nf3 h6 12. h3 Bf5 13. Re1 O-O 14. Ne5 Nbd7 15. g4 Bh7 16. Ne2 Nxe5 17.
Bxe5 Bd6 18. Bg3 Bxg3 19. Nxg3 Qc7 20. Qd2 Rad8 21. c3 Nd5 22. g5 Nf4 23. gxh6 gxh6 24.
Rad1 Kh8 25. Qc1 Rg8 26. Re5 Nxg2 27. Kxg2 Qe7 28. Qxh6 Rg6 29. Qh5 Rdg8 30. Rde1 Qf6 31. Qf3 Qh4 32. Rh5 Qf6 33. Qxf6+ Rxf6 34. Re4 Rg7 35. Reh4 Kg8 36. Ra5 a6 37. Rah5 Rfg6 38. a4 f5 39. a5 Rg5 40. Rh6 R7g6 41. Rxh7 f4 42. Rh8+ Kf7 43. Rxf4+ Kg7 44. Rhh4 Kg8 45. Rfg4 Rg7 46. Rxg5 Rxg5 47. Rg4 Rxg4 48. hxg4 1-0

[Event "*** Titled Tuesday Blitz"]
[Site "Chess.com"]
[Date "2020.05.26"]
[Round "8"]
[White "NotFischer"]
[Black "m-garcett"]
[Result "1-0"]
[WhiteElo "2138"]
[BlackElo "1979"]
[TimeControl "180+1"]
[EndTime "11:41:40 PDT"]
[Termination "NotFischer won by resignation"]

1. e4 c5 2. Nf3 d6 3. d4 cxd4 4. Nxd4 Nf6 5. Nc3 a6 6. Be2 e6 7.
O-O b5 8. a3 Bb7 9. Bd3 Nbd7 10. f4 Rc8 11. Qe1 Be7 12. Kh1 Qc7 13. Be3 O-O 14. Qg3 Nc5 15. Qf3 Nxd3 16. cxd3 Rfe8 17. Rac1 Qb8 18. Nb3 Red8 19. Na5 Ba8 20. Bd4 e5 21.
Be3 Nd7 22. f5 Bf6 23. g4 h6 24. Rg1 Nc5 25. Rcd1 Qc7 26. b4 Nd7 27. Rc1 Qb8 28. g5 hxg5 29. Bxg5 Bxg5 30. Rxg5 Nf6 31. Qg3 d5 32.
Rxg7+ Kf8 33. Qg5 Ke7 34. Nxd5+ Rxd5 35. exd5 Bxd5+ 36. Kg1 Rxc1+ 37. Qxc1 Qb6+ 38. Qc5+ Qxc5+ 39. bxc5 e4 40. Rg3 exd3 41. Rxd3 Be4 42. Re3 Kd7 43. c6+ Kc7 44. Rc3 Bxf5 45. Rc1 Ne4 46. Kg2 Be6 47.
Kf3 Bd5 48. Kf4 Nf6 49. Ke5 Be6 50. Kxf6 Kb6 51. h4 Kxa5 52. c7 Kb6 53. c8=Q Bxc8 54. Rxc8 1-0

[Event "*** Titled Tuesday Blitz"]
[Site "Chess.com"]
[Date "2020.05.26"]
[Round "8"]
[White "Man-Chuk"]
[Black "Joshukid"]
[Result "0-1"]
[WhiteElo "2755"]
[BlackElo "2642"]
[TimeControl "180+1"]
[EndTime "11:41:41 PDT"]
[Termination "Joshukid won by checkmate"]

1. d4 Nf6 2. Nf3 e6 3. c4 b6 4. g3 Bb7 5. Bg2 Bb4+ 6. Bd2 c5 7. Bxb4 cxb4 8. O-O a5 9. Qd3 O-O 10. Nbd2 d6 11. e4 e5 12. a3 Na6 13. Rfd1 Qc7 14. Ne1 Rfe8 15. Nc2 bxa3 16. bxa3 Rac8 17. Ne3 exd4 18.
Qxd4 Nc5 19. f3 a4 20. Rab1 h5 21. Rb4 h4 22. Nf5 hxg3 23. hxg3 Rcd8 24. Rdb1 Bc8 25. Ne3 Nfd7 26. Nd5 Qa7 27. Nxb6 Ne5 28. Nxc8 Rxc8 29. Rb7 Qa8 30. R7b6 Ne6 31. Qxd6 Nc6 32. Nf1 Red8 33.
Rxc6 Rxd6 34. Rxd6 Rxc4 35. Kh2 Rc2 36. Ne3 Rc6 37. Rd2 Qa5 38. Rdb2 Qh5+ 39. Kg1 Qc5 40. Kf2 Qxa3 41. Nd5 Rc3 42. Kg1 Rc7 43. Nxc7 Nxc7 44. Rf2 Ne6 45. Rbb2 Qd3 46. Ra2 Qd1+ 47. Bf1 Qb3 48.
Kg2 Nd4 49. Rfb2 Qxf3+ 50. Kh2 Qxf1 51. Rxa4 Nf3# 0-1

[Event "*** Titled Tuesday Blitz"]
[Site "Chess.com"]
[Date "2020.05.26"]
[Round "8"]
[White "Thipsay"]
[Black "Roman_Ovetchkin"]
[Result "1-0"]
[WhiteElo "2489"]
[BlackElo "2597"]
[TimeControl "180+1"]
[EndTime "11:41:41 PDT"]
[Termination "Thipsay won on time"]

1. e4 c6 2. d4 d5 3. Nc3 dxe4 4. Nxe4 Nf6 5. Nxf6+ exf6 6. Nf3 Bd6 7. Be2 O-O 8. O-O Re8 9. Be3 Be6 10. Qd2 Qc7 11.
Rfe1 Nd7 12. c4 Nf8 13. c5 Be7 14.
Bf4 Qd7 15. Bd3 Bd5 16. Be4 Ne6 17. Bxd5 Qxd5 18. Be3 Rad8 19. Qc3 Rd7 20. b4 Red8 21. a4 Bf8 22. Rad1 g6 23. h3 Bg7 24. b5 f5 25.
Qb4 f4 26. Bc1 Qf5 27. Bb2 cxb5 28. axb5 Nxc5 29. Qc4 Ne6 30. Ra1 b6 31. Ne5 Rc7 32. Nc6 Rdd7 33. Rad1 Rd5 34. Rd3 Rcd7 35. Rf3 h5 36. Rb3 g5 37. Ra3 g4 38. hxg4 hxg4 39.
Rb3 f3 40. g3 Qh5 41. Bc1 Qh3 42. Qf1 Qxf1+ 43. Rxf1 Nxd4 44. Nxd4 Bxd4 45. Rb4 f5 46. Re1 Bc5 47. Rf4 Kf7 48. Be3 Rd1 49. Kf1 Ke6 50.
Rc4 Bxe3 51. fxe3 1-0

[Event "*** Titled Tuesday Blitz"]
[Site "Chess.com"]
[Date "2020.05.26"]
[Round "8"]
[White "Bhagya_2312"]
[Black "MacDaddyMac"]
[Result "0-1"]
[WhiteElo "2099"]
[BlackElo "2260"]
[TimeControl "180+1"]
[EndTime "11:41:41 PDT"]
[Termination "MacDaddyMac won on time"]

1. e4 e5 2. Nf3 Nc6 3. Bc4 Nf6 4. d3 Bc5 5. c3 d6 6. Bb3 O-O 7. h3 h6 8. Nbd2 a5 9. Nf1 Ne7 10. Ng3 Ng6 11. d4 Bb6 12. O-O Qe8 13. a4 Bd7 14.
Re1 Rd8 15. Nf5 exd4 16. N3xd4 Bxd4 17. Nxd4 Qe5 18. Nf3 Qh5 19. Qd3 Ne5 20. Nxe5 dxe5 21. Qg3 Bc6 22. f3 Kh7 23. Be3 Rd7 24. Red1 Rfd8 25.
Qe1 Qg6 26. Rxd7 Rxd7 27. Rd1 Nh5 28. Rxd7 Bxd7 29. Kh2 b6 30. g3 Kg8 31. Bf2 Qf6 32. Qe3 g5 33. Be1 Kg7 34. Bd2 Kg8 35. Qe2 Ng7 36.
Kg2 Ne6 37. Qc4 Nc5 38. Bc2 Be6 39. Qe2 Bd7 40. b3 Qe6 41. c4 Qxh3+ 42. Kf2 Qh2+ 43.
Ke3 Qg1+ 44. Qf2 Qxf2+ 45. Kxf2 Ne6 46. Ke3 f6 47. Bd1 Kf7 48. Bc3 c5 49. Be2 Nd4 50.
Bd1 Bh3 51. f4 gxf4+ 52. gxf4 Kg6 53. f5+ Kg5 54. Bd2 Bg4 55. Kf2+ Kh5 0-1

[Event "*** Titled Tuesday Blitz"]
[Site "Chess.com"]
[Date "2020.05.26"]
[Round "8"]
[White "wonderfultime"]
[Black "Kirill_Klukin"]
[Result "0-1"]
[WhiteElo "2939"]
[BlackElo "2712"]
[TimeControl "180+1"]
[EndTime "11:41:42 PDT"]
[Termination "Kirill_Klukin won on time"]

1. d4 Nf6 2. Nf3 g6 3. Bg5 Bg7 4. Nbd2 d5 5. c3 a6 6. e3 b5 7.
Bd3 Bb7 8. a4 bxa4 9. Qxa4+ Nbd7 10. O-O O-O 11. Nb3 h6 12. Bh4 Qc8 13. Na5 c5 14. Qa3 c4 15. Bc2 e6 16. h3 Re8 17.
Bg3 Bf8 18. Qa2 Nb6 19. Ne5 Nfd7 20. f4 Nxe5 21. fxe5 Qc7 22. Rf3 Bg7 23. Raf1 Rf8 24. Bh4 Nd7 25. Be7 Nxe5 26. Bxf8 Nxf3+ 27. Rxf3 Rxf8 28. Nxb7 Qxb7 29. Rf2 Rb8 30. Bd1 Bf8 31. Bf3 Qb6 32.
e4 Rd8 33. Qa4 Qb5 34. Qc2 a5 35. h4 dxe4 36. Qxe4 h5 37. Qf4 Bd6 38. Qf6 Qd7 39.
Qg5 Qe7 40. Qxe7 Bxe7 41. g3 e5 42. Be2 exd4 43. Bxc4 dxc3 44. Rxf7 Bc5+ 45. Kh1 Rd4 46. Ba2 cxb2 47. Rc7+ Kf8 48. Rxc5 Ra4 49. Rc8+ Ke7 50. Rc7+ Kd6 0-1

[Event "*** Titled Tuesday Blitz"]
[Site "Chess.com"]
[Date "2020.05.26"]
[Round "8"]
[White "albi1999"]
[Black "ShahMatKanal"]
[Result "1-0"]
[WhiteElo "2615"]
[BlackElo "2465"]
[TimeControl "180+1"]
[EndTime "11:41:42 PDT"]
[Termination "albi1999 won on time"]

1. d4 d5 2. Nf3 Nf6 3. c4 c6 4. Qb3 a6 5. g3 e6 6. Bg2 b5 7.
cxd5 cxd5 8. O-O Bd6 9. Bf4 Bxf4 10. gxf4 O-O 11. Nc3 Bd7 12. Rac1 Nc6 13. e3 Qe7 14. Qd1 Rfc8 15. Ne5 Be8 16. Qe2 g6 17. Nb1 Na5 18.
b3 Rc7 19. Qd2 Rac8 20. Rc5 Nb7 21. Rxc7 Qxc7 22. Nd3 Qc2 23. Rc1 Qxd2 24. Nxd2 Rxc1+ 25. Nxc1 Nd7 26. Nd3 Kf8 27. Ne5 f6 28. Nxd7+ Bxd7 29. a3 Ke7 30. Kf1 Kd6 31. Ke2 Nd8 32. Kd3 Nc6 33.
Kc3 e5 34. fxe5+ fxe5 35. Nf3 e4 36. Ng5 h5 37. f3 exf3 38. Bxf3 Be8 39. Be2 Nd8 40.
e4 dxe4 41. Nxe4+ Kc7 42. d5 Bf7 43. Kd4 Nb7 44. Ke5 Na5 45. Bd1 Nb7 46. b4 a5 47.
Be2 axb4 48. axb4 Be8 49. Bf1 Kd8 50. h4 Kc7 51. d6+ Kd8 52. Nc3 Bc6 53. Nxb5 Bxb5 54. Bxb5 1-0

[Event "*** Titled Tuesday Blitz"]
[Site "Chess.com"]
[Date "2020.05.26"]
[Round "8"]
[White "Baronessa08"]
[Black "ferdipy"]
[Result "0-1"]
[WhiteElo "2391"]
[BlackElo "2277"]
[TimeControl "180+1"]
[EndTime "11:41:42 PDT"]
[Termination "ferdipy won by resignation"]

1. g3 Nf6 2. Bg2 e6 3. Nf3 d5 4. O-O Be7 5. b3 O-O 6. Bb2 c6 7. c4 b5 8. Nc3 bxc4 9. bxc4 Ba6 10. Ne5 Qc7 11. d4 Nbd7 12. Nxd7 Qxd7 13. c5 Rab8 14.
Rb1 Rb7 15. Qa4 Bc4 16. Ba1 Rfb8 17. Rxb7 Rxb7 18. Rc1 Qc7 19. e3 Nd7 20. Bf1 Bxf1 21.
Rxf1 f5 22. Rb1 Rxb1+ 23. Nxb1 Nf6 24. Bc3 Ne4 25. Bb4 h5 26. Qa6 Bd8 27. Nd2 Ng5 28. Kg2 h4 29. gxh4 Nf7 30. Nb3 Nh6 31. Ba5 Qd7 32. Bxd8 Qxd8 33. Qxc6 Qxh4 34. Qxe6+ Kh7 35. h3 Qg5+ 36. Kf1 f4 37. exf4 Qxf4 38. Qxd5 Nf5 39. Qe5 Qg5 40. Qe4 Qg6 41. Qg4 Qf6 42. Kg1 g6 43. d5 Nh4 44. d6 Nf3+ 45. Kg2 Ne1+ 46. Kf1 Nc2 47. Qd7+ Kh6 48. Qe7 Qf3 49. d7 Qh1+ 50.
Ke2 Qe1+ 51. Kd3 Qxe7 52. c6 Qd6+ 53. Kxc2 Qxc6+ 0-1

[Event "*** Titled Tuesday Blitz"]
[Site "Chess.com"]
[Date "2020.05.26"]
[Round "8"]
[White "FrogMist"]
[Black "dosto07"]
[Result "1-0"]
[WhiteElo "2358"]
[BlackElo "2141"]
[TimeControl "180+1"]
[EndTime "11:41:42 PDT"]
[Termination "FrogMist won on time"]

1. e4 e5 2. Nf3 Nc6 3. Bb5 a6 4. Ba4 Nf6 5. O-O Be7 6. Re1 b5 7. Bb3 d6 8. c3 O-O 9. h3 Nb8 10. d4 Nbd7 11. Nbd2 Bb7 12. Bc2 Re8 13. Nf1 Bf8 14. Ng3 g6 15. a4 c5 16. d5 c4 17.
Be3 Qc7 18. Qd2 Nc5 19. Nh2 Bg7 20. Bh6 Qe7 21. Bxg7 Kxg7 22. Qg5 Kh8 23. axb5 axb5 24. Rxa8 Rxa8 25. f4 exf4 26. Qxf4 Ncd7 27. Rf1 Kg8 28. Nf3 Ra2 29. Qh6 Qf8 30. Qf4 Rxb2 31. Nd4 Qe7 32. Qc1 Ra2 33. Qb1 Ra8 34. Qxb5 Nc5 35.
Nc6 Bxc6 36. dxc6 h5 37. e5 dxe5 38. c7 Qxc7 39. Rxf6 Nd3 40. Bxd3 cxd3 41. Qxd3 Qc5+ 42. Kh2 Qe7 43. Ne4 Kg7 44. Qd6 Qxd6 45. Rxd6 Rc8 46. Rd7 Rc4 47. Rxf7+ Kxf7 48. Nd6+ Ke6 49. Nxc4 Kd5 50.
Nd2 e4 51. Nf1 e3 52. Nxe3+ Ke4 53. Nc2 Kd3 54. Ne1+ Kxc3 55. Nf3 Kd3 56. Ng5 Ke3 57. Kg3 1-0

[Event "*** Titled Tuesday Blitz"]
[Site "Chess.com"]
[Date "2020.05.26"]
[Round "8"]
[White "A-Adly"]
[Black "ameetghasi100"]
[Result "1-0"]
[WhiteElo "2835"]
[BlackElo "2708"]
[TimeControl "180+1"]
[EndTime "11:41:43 PDT"]
[Termination "A-Adly won on time"]

1. Nf3 g6 2. h4 h6 3. e4 Bg7 4. Bc4 e6 5. Nc3 Nf6 6. e5 Ng4 7. d4 d6 8. Qe2 Nc6 9. Bf4 a6 10. O-O-O d5 11. Bb3 h5 12. Ng5 Nh6 13. f3 b5 14. g4 Na5 15. Rhg1 Bf8 16. gxh5 gxh5 17. Nce4 Be7 18. Nf6+ Bxf6 19. exf6 Qd7 20. Ne4 Nf5 21. Nc5 Qc6 22. Qg2 Rf8 23. Be5 Nb7 24. Qg5 Nxc5 25. dxc5 Qxc5 26. Rge1 Kd8 27. Kb1 Bd7 28. c3 Kc8 29. Bd4 Qd6 30. Be5 Qc6 31. Qxh5 Kb7 32. Qg5 a5 33. Qf4 Rh8 34. Rh1 Rh5 35. Rh2 Rah8 36. Rdh1 Qc5 37. Bc2 b4 38. cxb4 axb4 39. Bd3 Qb6 40. Rc2 c5 41. Bxf5 Rxf5 42. Qg3 Rf8 43.
f4 Rh5 44. Qg7 Rhh8 45. h5 c4 46. h6 Ba4 47. Rcc1 c3 48. h7 d4 49. Qg2+ Bc6 50.
Qe2 Bd5 51. b3 Rd8 52. Rhd1 Bc6 53. Qc4 Be4+ 54. Ka1 Ra8 55. a4 bxa3 56. Rxd4 Qb5 57. Qxb5+ 1-0